 Dungeon Crawl Stone Soup version 0.24.0-2-g5b39cebb1c (webtiles) character file.

Game seed: 3171553297673286789, levelgen mode: deterministic

101 RedPan the Chiller (level 4, -8/24 HPs)
             Began as a Gargoyle Ice Elementalist on Oct 31, 2019.
             Mangled by an ogre
             ... wielding a +0 giant spiked club
              (11 damage)
             ... on level 3 of the Dungeon.
             The game lasted 00:06:57 (2749 turns).

RedPan the Chiller (Gargoyle Ice Elementalist)      Turns: 2749, Time: 00:06:58

Health: -8/24      AC:  4    Str: 12    XL:     4   Next: 75%
Magic:  4/9        EV: 12    Int: 16    God:
Gold:   127        SH:  0    Dex: 10    Spells: 3/9 levels left

rFire    . . .     SeeInvis .   g - +1 short sword
rCold    . . .     Gourm    .   (no shield)
rNeg     + . .     Faith    .   n - -2 robe (curse)
rPois    ∞         Spirit   .   (no helmet)
rElec    +         Reflect  .   e - +0 cloak
rCorr    .         Harm     .   (no gloves)
MR       .....                  (no boots)
Stlth    ++........             (no amulet)
HPRegen  0.08/turn              (no ring)
MPRegen  0.11/turn              (no ring)

@: no status effects
A: negative energy resistance 1, electricity resistance, unbreathing,
petrification resistance, rot immunity, AC +3
a: no special abilities


You were on level 3 of the Dungeon.
You were not hungry.

You visited 1 branch of the dungeon, and saw 3 of its levels.

You collected 127 gold pieces.

Inventory:

Hand Weapons
 g - a +1 short sword (weapon)
 i - a +0 dagger
 o - a +0 spear
Armour
 a - a +0 robe
 e - a +0 cloak (worn)
 j - a +0 crystal plate armour
 n - a cursed -2 robe (worn)
Scrolls
 f - 2 scrolls of enchant weapon
 h - a scroll of amnesia
 m - 3 scrolls of teleportation
Potions
 b - a potion of magic
 k - a potion of brilliance
 l - a potion of lignification {unknown}
Comestibles
 c - 6 rations
 d - a chunk of flesh


   Skills:
 - Level 1.5 Dodging
 - Level 2.1 Stealth
 + Level 3.4 Spellcasting
 - Level 1.1 Conjurations
 + Level 4.3 Ice Magic


You had 3 spell levels left.
You knew the following spells:

 Your Spells              Type           Power        Failure   Level  Hunger
a - Freeze                Ice            ###.         3%          1    None
b - Throw Frost           Conj/Ice       ##....       9%          2    ##.....
c - Ozocubu's Armour      Chrm/Ice       #.......     22%         3    ###....

Your spell library contained the following spells:

 Spells                   Type           Power        Failure   Level  Hunger
 Throw Icicle             Conj/Ice       ##......     52%         4    ####...
 Summon Ice Beast         Ice/Summ       #.......     58%         4    ####...


Dungeon Overview and Level Annotations

Branches:
Dungeon (3/15)

Altars:
Ashenzari


Innate Abilities, Weirdness & Mutations

You are resistant to torment.
Your stone body is resilient. (AC +3)
You are immune to poison.
You resist negative energy. (rN+)
You are resistant to electric shocks. (rElec)
You can survive without breathing.
You are immune to petrification.
You are immune to rotting.


Message History

You kill the adder!
Casting: Freeze (safe; 3% risk of failure)
Confirm with . or Enter, or press ? or * to list all spells.
Aiming: Freeze (safe; 3% risk of failure)
Press: ? - help, Shift-Dir - straight line, f - ogre
Aim: an ogre, wielding a +0 giant spiked club You freeze the ogre.
The ogre is lightly wounded.
The ogre hits you with a +0 giant spiked club!!
Ouch! That really hurt!
* * * LOW HITPOINT WARNING * * *
Casting: Freeze (safe; 3% risk of failure)
Confirm with . or Enter, or press ? or * to list all spells.
Aiming: Freeze (safe; 3% risk of failure)
Press: ? - help, Shift-Dir - straight line, f/p - ogre
Aim: an ogre, wielding a +0 giant spiked club (lightly wounded)
You freeze the ogre!
The ogre is moderately wounded.
The ogre hits you with a +0 giant spiked club!
You die...

#.#####
#O....#
#O# #@#
#.#
#(#####
#.(...#
#####.#
#.# #.#
#.# #.#


You could see an ogre.

Vanquished Creatures
  An orc wizard (D:2)
  3 adders
  A worm (D:2)
  A dart slug (D:1)
  2 leopard geckos (D:2)
  5 bats
  2 giant cockroaches
  8 hobgoblins
  2 jackals (D:1)
  A ball python (D:1)
  5 frilled lizards
  3 goblins
  5 kobolds
  A quokka zombie (D:3)
  3 rats
43 creatures vanquished.

Notes
Turn   | Place    | Note
-------+----------+-------------------------------------------
     0 | D:1      | RedPan the Gargoyle Ice Elementalist began the quest for
                  | the Orb.
     0 | D:1      | Reached XP level 1. HP: 10/10 MP: 3/3
   155 | D:1      | Reached XP level 2. HP: 14/15 MP: 3/5
   822 | D:1      | Reached XP level 3. HP: 18/19 MP: 4/6
  1607 | D:2      | Reached skill level 4 in Ice Magic
  1607 | D:2      | Reached XP level 4. HP: 2/24 MP: 3/8
  1944 | D:2      | Found a shattered altar of Ashenzari.
  2186 | D:2      | Learned a level 2 spell: Throw Frost
  2190 | D:2      | Learned a level 3 spell: Ozocubu's Armour
  2521 | D:2      | Found a faded altar of an unknown god.
  2741 | D:3      | Noticed an ogre
  2749 | D:3      | Mangled by an ogre

Levels and vault maps discovered:
D:1:      noname_arrival_rooms_in_the_neighbourhood, layout_basic,
          minmay_fountain_box
D:2:      layout_basic, evilmike_ruin_ashenzari, first_ration,
          chequers_ecumenical_altar_grove
D:3:      layout_loops_ring, gup_sewer_entry_bubbles, uniq_ijyb

Skill      XL: |  1  2  3 |
---------------+----------+-----
Spellcasting   | 3 |  3.4
Ice Magic      | 4 |  4.3
Dodging        | |  1.5
Stealth        | |  2.1
Conjurations   | |  1.1

Action                   |  1- 3 |  4- 6 || total
-------------------------+-------+-------++-------
Melee: Club              |     6 |       ||     6
       Short sword       |    22 |     5 ||    27
 Cast: Freeze            |    36 |    26 ||    62
  Use: Scroll            |     5 |     4 ||     9
 Stab: Sleeping          |     2 |       ||     2
  Eat: Chunk             |     2 |     4 ||     6
Armor: Robe              |    27 |     5 ||    32
Dodge: Dodged            |    35 |    23 ||    58
